Map: Dusk Towers

Players

DeMusliM

  • Race: Terran Terran
  • League: Grandmaster

Adonminus - Winner!

  • Race: Protoss Protoss
  • League: Master

VOD

https://www.youtube.com/watch?v=5kmYLU3fYnc

Description

Time

  • Played on: March 14, 2016, 3:47 p.m.
  • Length: 13:42
Show
View Real Time Build Order
Export as new Build Order

DeMusliM Terran 

Build Orders: Reaper Expand, MMM Bio 

Get SALT Encoding   

  12  0:00  SCV  
  13  0:13  SCV  
  14  0:17  Supply Depot  
  14  0:25  SCV  
  15  0:39  SCV  
  15  0:40  Barracks  
  16  0:43  Refinery  
  16  0:51  SCV  
  17  1:03  SCV  
  18  1:15  SCV  
  19  1:27  Orbital Command  
  19  1:28  Reaper  
  20  1:39  Command Center  
  20  1:47  Supply Depot  
  20  1:53  SCV  
  21  2:00  Barracks Reactor  
  21  2:05  SCV  
  22  2:10  Barracks  
  22  2:17  SCV  
  23  2:29  SCV  
  24  2:36  Engineering Bay  
  24  2:37  Marine x2  
  24  2:41  SCV  
  26  2:51  Orbital Command  
  26  2:53  SCV  
  26  2:55  Marine x2  
  26  2:56  Barracks Tech Lab  
  29  3:03  Terran Infantry Weapons Level 1  
  29  3:05  SCV  
  30  3:13  Marine x2  
  30  3:15  Marine  
  30  3:17  Stimpack  
  30  3:18  SCV  
  34  3:20  SCV  
  35  3:30  Supply Depot, SCV  
  35  3:31  Marine x2  
  35  3:32  SCV  
  35  3:33  Marine  
  40  3:42  Supply Depot, SCV  
  40  3:44  SCV  
  42  3:49  Marine x2  
  42  3:51  Marine  
  42  3:54  SCV  
  46  3:56  Command Center, SCV  
  47  4:06  SCV  
  47  4:07  Marine x2  
  47  4:08  Factory  
  47  4:09  SCV, Marine  
  52  4:18  Refinery, SCV  
  52  4:19  Refinery  
  52  4:21  SCV  
  52  4:23  Barracks  
  54  4:25  Marine x2  
  54  4:27  Marine  
  57  4:31  Missile Turret  
  57  4:32  Missile Turret  
  57  4:33  SCV  
  57  4:34  SCV  
  59  4:43  Marine x2  
  59  4:44  Marine  
  62  4:49  SCV  
  62  4:50  SCV  
  61  4:54  Starport  
  61  4:55  Factory Reactor  
  61  5:00  Supply Depot  
  61  5:01  Marine  
  61  5:02  Supply Depot  
  62  5:07  Marine x2  
  62  5:11  Marine  
  62  5:13  Terran Infantry Armor Level 1  
  60  5:16  Orbital Command  
  60  5:17  Supply Depot  
  60  5:19  Marine  
  61  5:25  Marine  
  62  5:29  Barracks  
  62  5:30  SCV x2  
  62  5:32  Barracks  
  60  5:36  Marine  
  60  5:37  Marine  
  60  5:40  Barracks Reactor  
  60  5:42  SCV x2  
  60  5:43  Marine  
  60  5:44  Orbital Command  
  60  5:51  Factory Reactor, Medivac x2  
  60  5:55  Refinery, SCV x2  
  66  5:59  Combat Shields  
  66  6:02  Marine x2  
  68  6:08  Marauder  
  70  6:11  SCV x2  
  70  6:13  SCV, Armory  
  70  6:16  Engineering Bay  
  70  6:17  Bunker  
  73  6:20  Barracks Tech Lab x2  
  73  6:21  Supply Depot  
  73  6:23  SCV  
  73  6:25  Medivac  
  73  6:26  Marine x2  
  73  6:28  Marine x2  
  73  6:30  SCV x2  
  80  6:39  SCV  
  78  6:42  SCV x2  
  78  6:44  Medivac  
  78  6:45  Marauder, Concussive Shells, Marine  
  85  6:51  SCV  
  85  6:54  Missile Turret, SCV  
  86  6:55  SCV  
  86  6:56  Missile Turret  
  86  6:58  Missile Turret  
  86  6:59  Missile Turret  
  86  7:01  Marauder x2  
  92  7:03  SCV  
  92  7:05  Terran Infantry Weapons Level 2  
  92  7:06  SCV  
  92  7:07  SCV  
  95  7:10  Widow Mine  
  95  7:16  SCV  
  95  7:19  SCV x2  
  95  7:21  Missile Turret  
  95  7:22  Marauder, Marine  
  99  7:25  Medivac  
  99  7:26  Widow Mine  
  99  7:28  SCV  
  102  7:31  SCV x2  
  102  7:36  Supply Depot  
  104  7:38  Supply Depot, Widow Mine  
  104  7:40  Supply Depot, SCV  
  104  7:41  Marauder  
  109  7:49  Terran Infantry Armor Level 2  
  109  7:54  Refinery  
  109  7:55  Refinery  
  109  7:58  Marauder, SCV x2, Marine x4  
  117  8:01  Starport  
  117  8:02  Marauder, Marine  
  117  8:05  Widow Mine, Medivac  
  120  8:11  SCV x3  
  120  8:12  Supply Depot  
  125  8:16  Marine  
  125  8:17  Marine x2  
  125  8:18  Supply Depot, Marine  
  125  8:19  Supply Depot, Widow Mine  
  133  8:20  Marauder  
  133  8:22  Liberator  
  133  8:25  Missile Turret  
  133  8:31  Missile Turret x2  
  133  8:34  Medivac  
  134  8:35  Terran Ship Weapons Level 1  
  134  8:38  Starport Tech Lab  
  134  8:40  Marine  
  140  8:41  Marauder, Marine  
  140  8:42  Marauder  
  140  8:44  Marine  
  140  8:45  Marauder  
  140  8:46  Liberator  
  140  8:47  Marine  
  147  8:52  Fusion Core  
  147  8:58  Supply Depot  
  147  9:00  Supply Depot  
  147  9:02  Marauder, Supply Depot, Marine  
  150  9:03  Marauder  
  150  9:04  Widow Mine  
  150  9:06  Liberator  
  150  9:07  Liberator  
  157  9:11  Supply Depot  
  157  9:14  Marine  
  157  9:15  Marauder, Marine  
  150  9:17  Marine  
  150  9:20  Marine  
  150  9:24  Marauder  
  141  9:25  Marauder  
  141  9:30  Liberator  
  146  9:32  Marine  
  146  9:33  Marine  
  146  9:35  Command Center, Marine  
  146  9:36  Marauder  
  146  9:37  Marine  
  152  9:45  Marine x2  
  148  9:48  Advanced Ballistics  
  148  9:50  Marine  
  148  9:51  Marine  
  153  9:53  Marine  
  153  9:56  Marine  
  153  9:57  Marauder  
  157  10:01  Terran Infantry Weapons Level 3  
  157  10:03  Marauder, Marine  
  157  10:04  Liberator  
  157  10:05  Liberator  
  160  10:08  Marine x2  
  160  10:12  Command Center  
  160  10:13  Marine  
  163  10:14  Marine  
  163  10:18  Marine  
  165  10:25  Marine  
  165  10:26  Marauder  
  165  10:27  Widow Mine  
  176  10:29  Command Center  
  176  10:37  Liberator  
  176  10:39  Starport  
  176  10:41  Terran Ship Weapons Level 2  
  176  10:42  Marine x2  
  176  10:47  Liberator  
  176  10:49  Marine x2  
  180  10:52  Widow Mine  
  180  10:55  Widow Mine  
  187  11:07  Liberator  
  187  11:08  Refinery  
  187  11:09  Missile Turret  
  190  11:17  Planetary Fortress  
  190  11:18  Missile Turret  
  188  11:22  Refinery  
  188  11:23  Marine  
  188  11:24  Marauder  
  181  11:31  Marine  
  181  11:32  Marauder, Marine x3  
  185  11:41  Marine  
  185  11:42  SCV x4  
  185  11:46  Liberator x2  
  190  11:55  Orbital Command  
  190  11:56  Starport Reactor  
  190  11:58  Command Center  
  196  12:16  Marauder  
  198  12:25  Missile Turret  
  198  12:27  Missile Turret  
  198  12:28  Missile Turret  
  198  12:33  Liberator  
  198  12:34  Marine  
  198  12:35  Marauder, Marine x4  
  155  12:37  Marine  
  155  12:41  Liberator  
  113  12:48  Planetary Fortress  
  94  12:52  Marine  
  94  12:53  Marine x4  
  94  12:55  Marine  
  94  12:56  Marine  
  90  13:10  Marine x5  
  100  13:13  Marine  
  100  13:14  Marine  
  94  13:27  Barracks  
  101  13:34  Barracks x2  
Show
View Real Time Build Order
Export as new Build Order

Adonminus Protoss - Winner!

Build Orders: 1 Gate Expand 

Get SALT Encoding   

  12  0:01  Probe (Chrono Boost)  
  13  0:11  Probe (Chrono Boost)  
  14  0:18  Pylon  
  14  0:22  Probe (Chrono Boost)  
  15  0:36  Probe (Chrono Boost)  
  15  0:37  Gateway  
  15  0:41  Assimilator  
  16  0:47  Probe (Chrono Boost)  
  17  0:57  Probe (Chrono Boost)  
  18  1:08  Probe (Chrono Boost)  
  19  1:18  Probe (Chrono Boost)  
  19  1:24  Cybernetics Core  
  20  1:32  Nexus  
  20  1:35  Probe (Chrono Boost)  
  21  1:43  Pylon  
  21  1:47  Probe (Chrono Boost)  
  21  1:49  Assimilator  
  24  2:01  Mothership Core (Chrono Boost), Adept  
  26  2:10  Warp Gate  
  26  2:20  Probe (Chrono Boost)  
  27  2:29  Forge  
  27  2:30  Probe (Chrono Boost)  
  27  2:36  Robotics Facility  
  28  2:41  Probe (Chrono Boost)  
  29  2:48  Probe (Chrono Boost)  
  29  2:51  Protoss Ground Weapons Level 1 (Chrono Boost), Probe (Chrono Boost)  
  30  2:58  Probe (Chrono Boost)  
  31  3:02  Probe (Chrono Boost)  
  33  3:07  Probe  
  34  3:14  Probe  
  34  3:19  Probe  
  36  3:23  Warp Prism (Chrono Boost)  
  36  3:26  Probe  
  39  3:31  Probe  
  39  3:33  Gateway  
  40  3:34  Gateway  
  40  3:38  Probe  
  40  3:40  Pylon  
  41  3:43  Probe  
  41  3:44  Assimilator  
  41  3:46  Assimilator  
  42  3:50  Probe  
  42  3:54  Pylon  
  44  3:56  Observer (Chrono Boost)  
  44  3:59  Probe  
  44  4:02  Photon Cannon  
  45  4:05  Probe  
  46  4:14  Observer (Chrono Boost)  
  46  4:16  Pylon  
  47  4:23  Probe x2  
  49  4:30  Adept x3  
  55  4:35  Stargate x2  
  55  4:43  Probe  
  55  4:44  Probe  
  55  4:55  Probe  
  55  4:59  Adept x3  
  62  5:02  Pylon  
  62  5:03  Pylon  
  60  5:21  Adept x3  
  64  5:29  Probe  
  64  5:30  Phoenix x2  
  64  5:33  Protoss Ground Armor Level 1  
  57  5:44  Adept x2  
  57  5:45  Adept  
  57  5:47  Immortal (Chrono Boost)  
  65  5:50  Pylon  
  65  5:51  Probe  
  65  5:52  Probe  
  67  6:03  Probe  
  68  6:04  Probe  
  68  6:05  Phoenix x2  
  73  6:15  Probe  
  73  6:17  Pylon  
  74  6:26  Nexus  
  74  6:27  Probe  
  74  6:28  Probe  
  74  6:30  Phoenix  
  74  6:31  Phoenix  
  80  6:43  Probe x2  
  82  6:49  Pylon  
  82  6:50  Twilight Council  
  82  6:52  Immortal (Chrono Boost)  
  86  6:55  Probe x2  
  86  6:57  Phoenix  
  90  7:05  Phoenix  
  92  7:14  Protoss Ground Armor Level 2  
  92  7:28  Phoenix  
  98  7:30  Phoenix, Immortal (Chrono Boost)  
  98  7:31  Resonating Glaives (Chrono Boost)  
  98  7:32  Gateway  
  98  7:33  Gateway  
  98  7:35  Probe  
  101  7:37  Assimilator  
  101  7:38  Probe  
  102  7:44  Assimilator  
  102  8:02  Immortal (Chrono Boost), Adept x3  
  112  8:08  Probe x2  
  112  8:11  Pylon  
  114  8:13  Templar Archives  
  114  8:14  Pylon  
  114  8:27  Adept x4  
  114  8:28  Adept  
  122  8:50  Probe x2  
  122  8:51  Probe  
  122  8:52  Psionic Storm  
  125  8:56  Adept x4  
  125  8:57  Adept  
  135  9:05  Nexus  
  135  9:07  Pylon  
  133  9:25  Phoenix x2  
  133  9:26  Probe x2, High Templar  
  133  9:27  High Templar x3  
  147  9:32  Pylon  
  147  9:33  Pylon  
  147  9:35  Pylon  
  147  9:38  Protoss Ground Armor Level 3  
  147  9:39  Assimilator  
  147  9:40  Immortal  
  147  9:44  Assimilator  
  149  9:50  Phoenix x2, Probe  
  154  9:53  Probe  
  154  9:54  Probe  
  156  10:03  Probe  
  156  10:05  Probe, Fleet Beacon  
  158  10:25  High Templar  
  158  10:26  High Templar  
  162  10:38  Photon Cannon  
  162  10:41  Photon Cannon  
  162  10:42  Photon Cannon  
  162  10:44  Adept x2  
  162  10:45  Photon Cannon  
  162  10:47  Gateway  
  162  10:49  Gateway  
  166  10:52  Tempest x2  
  166  10:56  Gateway  
  174  10:57  Gateway  
  174  10:58  Pylon  
  174  10:59  Pylon  
  174  11:22  Immortal  
  174  11:35  Tempest x2  
  180  11:42  High Templar x2  
  180  11:43  High Templar x2  
  180  11:45  Probe x2  
  190  11:53  Nexus  
  190  11:56  Pylon  
  190  11:57  Pylon  
  190  12:18  Tempest  
  190  12:21  Oracle  
  141  12:45  Archon  
  140  12:57  Tempest, Adept x2  
  140  12:58  Adept x5  
  152  12:59  Adept x2  
  162  13:31  Adept x7  
  162  13:32  Adept x2  
Tags
 
Add a new tag
Caveats
  • Supply blocks, unpowered buildings, or Contaminate may cause inaccurate times.
  • Supply counts are checked every 10 seconds.